[Event "Catalan Youth Championship 2024"]
[Site "Cambrils"]
[Date "2024.03.23"]
[Round "1.5"]
[White "Tallada Serret, Gerard"]
[Black "Perolada Segui, Marc"]
[Result "1-0"]
[ECO "B22"]
[WhiteElo "2085"]
[BlackElo "1467"]
[Annotator "NA RC"]
[PlyCount "53"]
[EventDate "2024.03.13"]
[EventType "swiss"]
[EventCountry "ESP"]
[SourceTitle "playchess.com"]
[Source "ChessBase"]
[SourceQuality "1"]
[TimeControl "5400+30"]

1. e4 c5 2. c3 Nc6 3. d4 cxd4 4. cxd4 d6 5. Nc3 Nf6 6. Nf3 g6 7. d5 Ne5 8. Nxe5 dxe5 9. Be2 e6 10. Bg5 Bg7 11. Bb5+ Bd7 12. dxe6 Bxb5 13. exf7+ Kxf7 14. Qb3+ Kf8 15. Qxb5 Qc7 16. O-O a6 17. Qe2 h6 18. Bxf6 Bxf6 19. Rac1 Qa5 20. b4 Qa3 21. Nd5 Bg5 22. Rc7 Rb8 23. Qc4 b5 24. Qc5+ Kg8 25. Nf6+ Bxf6 26. Qd5+ Kf8 27. Qf7# 1-0

[Event "Catalan Youth Championship 2024"]
[Site "Cambrils"]
[Date "2024.03.23"]
[Round "1.6"]
[White "Canteli Abad, Judit"]
[Black "Bru Montoya, Pau"]
[Result "0-1"]
[ECO "C54"]
[WhiteElo "1463"]
[BlackElo "1850"]
[Annotator "NA RC"]
[PlyCount "112"]
[EventDate "2024.03.13"]
[EventType "swiss"]
[EventCountry "ESP"]
[SourceTitle "playchess.com"]
[Source "ChessBase"]
[SourceQuality "1"]
[TimeControl "5400+30"]

1. e4 e5 2. Nf3 Nc6 3. Bc4 Nf6 4. d3 Bc5 5. c3 a6 6. Bb3 d6 7. Nbd2 Bg4 8. h3 Be6 9. Nf1 h6 10. Ng3 Qd7 11. Nh4 d5 12. Qe2 dxe4 13. dxe4 O-O-O 14. O-O g5 15. Nhf5 Bxf5 16. Nxf5 Ne7 17. Ng3 Ng6 18. Be3 Bd6 19. Qf3 Nf4 20. Nf5 h5 21. h4 g4 22. Qd1 Nxe4 23. Ng3 Nc5 24. Bc2 Qc6 25. f3 Be7 26. Qe1 Bxh4 27. Bf5+ Kb8 28. Bf2 gxf3 29. Qxe5 fxg2 30. Rfd1 Ncd3 31. Bxd3 Nxd3 32. Rxd3 Rxd3 33. Qxh8+ Rd8 34. Qxh5 Bxg3 35. Bxg3 Qb6+ 36. Kh2 Qxb2 37. Rg1 Qxc3 38. Rxg2 Rh8 39. Qxh8+ Qxh8+ 40. Kg1 Kc8 41. Rc2 c6 42. Rf2 Qd4 43. Kg2 Qd5+ 44. Kh2 Kd7 45. Bf4 Ke6 46. Kg3 Qd3+ 47. Kg2 Qg6+ 48. Bg3 Kd5 49. Rd2+ Kc4 50. Rf2 f5 51. Rf4+ Kc3 52. Rf3+ Kb2 53. Rf2+ Ka3 54. Kf1 c5 55. Bd6 Qxd6 56. Rxf5 Qd3+ 0-1

[Event "Catalan Youth Championship 2024"]
[Site "Cambrils"]
[Date "2024.03.23"]
[Round "1.7"]
[White "Perez Vidal, Ian"]
[Black "Garcia Salabert, Josep"]
[Result "1-0"]
[ECO "C78"]
[WhiteElo "1828"]
[BlackElo "1462"]
[Annotator "NA RC"]
[PlyCount "111"]
[EventDate "2024.03.13"]
[EventType "swiss"]
[EventCountry "ESP"]
[SourceTitle "playchess.com"]
[Source "ChessBase"]
[SourceQuality "1"]
[TimeControl "5400+30"]

1. e4 e5 2. Nf3 Nc6 3. Bb5 a6 4. Ba4 Bc5 5. O-O Nf6 6. Nxe5 O-O 7. Nxc6 dxc6 8. d3 Qd6 9. h3 Rd8 10. Kh1 Nxe4 11. Qf3 Nf6 12. Bf4 Qe7 13. Nc3 Nd5 14. Rae1 Qf6 15. Nxd5 cxd5 16. Bxc7 Qxf3 17. gxf3 Bxh3 18. Bxd8 Bxf1 19. Re8+ Bf8 20. Bd7 Be2 21. Kg2 g6 22. Kg3 Kg7 23. Bf6+ Kxf6 24. Rxa8 Bd6+ 25. Kg2 Kg5 26. Re8 Bd1 27. Re1 Bxc2 28. Re2 Bxd3 29. Rd2 Bf5 30. Bxf5 gxf5 31. Rxd5 Bf4 32. Rd7 b6 33. Rxf7 Kg6 34. Rb7 h5 35. Rxb6+ Kg5 36. Rxa6 Be5 37. b4 h4 38. b5 Kf4 39. Ra4+ Kg5 40. f4+ Bxf4 41. Rxf4 Kxf4 42. b6 h3+ 43. Kxh3 Kf3 44. b7 Kxf2 45. b8=Q Ke2 46. Qe5+ Kd2 47. Qxf5 Kc3 48. Qb5 Kd4 49. Kg4 Kc3 50. Kf4 Kd4 51. a3 Kc3 52. Qb4+ Kd3 53. Kf3 Kc2 54. Ke3 Kc1 55. Kd3 Kd1 56. Qb1# 1-0

[Event "Catalan Youth Championship 2024"]
[Site "Cambrils"]
[Date "2024.03.23"]
[Round "1.8"]
[White "Titova, Veronika"]
[Black "Hijarrubia Alvarez-Cuevas, Gonzalo"]
[Result "0-1"]
[ECO "B40"]
[WhiteElo "1462"]
[BlackElo "1827"]
[Annotator "NA RC"]
[PlyCount "82"]
[EventDate "2024.03.13"]
[EventType "swiss"]
[EventCountry "ESP"]
[SourceTitle "playchess.com"]
[Source "ChessBase"]
[SourceQuality "1"]
[TimeControl "5400+30"]

1. e4 c5 2. Nf3 e6 3. Nc3 a6 4. d4 cxd4 5. Qxd4 Nc6 6. Qd1 d6 7. Bc4 b5 8. Bb3 Bb7 9. O-O Nf6 10. Re1 Be7 11. e5 dxe5 12. Qxd8+ Rxd8 13. Nxe5 Nxe5 14. Rxe5 b4 15. Ba4+ Kf8 16. h3 bxc3 17. bxc3 Rd1+ 18. Kh2 Bd6 19. f4 Bxe5 20. fxe5 Rd8 21. exf6 gxf6 22. Ba3+ Kg7 23. Rf1 Rd2 24. Bb2 Rxg2+ 25. Kh1 Rxc2+ 26. Kg1 Rg2+ 27. Kh1 Rxb2+ 28. Kg1 Rg2+ 29. Kh1 Rxa2+ 30. Kg1 Rxa4 31. Kh2 f5 32. Rg1+ Kf6 33. Kg3 Rg8+ 34. Kf2 Ra2+ 35. Kf1 Ra1+ 36. Ke2 Rgxg1 37. Kd3 Be4+ 38. Kc4 Rab1 39. Kd4 e5+ 40. Ke3 Rb2 41. h4 Rg3# 0-1

[Event "Catalan Youth Championship 2024"]
[Site "Cambrils"]
[Date "2024.03.23"]
[Round "1.9"]
[White "Forca Soler, Marti"]
[Black "Villa Tornero, Alex"]
[Result "1/2-1/2"]
[ECO "A30"]
[WhiteElo "1615"]
[BlackElo "2329"]
[Annotator "RC"]
[PlyCount "97"]
[EventDate "2024.03.13"]
[EventType "swiss"]
[EventCountry "ESP"]
[SourceTitle "playchess.com"]
[Source "ChessBase"]
[SourceQuality "1"]
[TimeControl "5400+30"]

1. Nf3 Nf6 2. b3 e6 3. Bb2 c5 4. e3 b6 5. c4 Bb7 6. Be2 Be7 7. O-O O-O 8. d3 d6 9. Nbd2 Nbd7 10. Qc2 Rc8 11. Rfd1 a6 12. Rac1 Rc7 13. Qb1 Qa8 14. a3 Rd8 15. b4 Rdc8 16. Nb3 cxb4 17. axb4 d5 18. b5 dxc4 19. dxc4 axb5 20. cxb5 Nc5 21. Nxc5 Rxc5 22. Bd4 Be4 23. Qa1 Rxc1 24. Rxc1 Rxc1+ 25. Qxc1 Qb7 26. Ne5 Bd6 27. f3 Bg6 28. e4 Qc7 29. Qxc7 Bxc7 30. Nxg6 hxg6 31. g3 Nd7 32. Kf2 Kf8 33. f4 e5 34. fxe5 Bxe5 35. Be3 Ke7 36. Bg4 Nf6 37. Bg5 Kd6 38. Bxf6 Bxf6 39. Be2 Bd4+ 40. Kf3 Ke5 41. Bc4 f6 42. g4 Bc5 43. Bd5 f5 44. gxf5 gxf5 45. Bc6 f4 46. h3 g5 47. Be8 Bd4 48. Bd7 Kd6 49. Bc6 1/2-1/2

[Event "Catalan Youth Championship 2024"]
[Site "Cambrils"]
[Date "2024.03.23"]
[Round "1.10"]
[White "Uber Gracia, Hugo"]
[Black "Nasarre Argelich, Pol"]
[Result "1-0"]
[ECO "B11"]
[WhiteElo "2237"]
[BlackElo "1608"]
[Annotator "RC"]
[PlyCount "57"]
[EventDate "2024.03.13"]
[EventType "swiss"]
[EventCountry "ESP"]
[SourceTitle "playchess.com"]
[Source "ChessBase"]
[SourceQuality "1"]
[TimeControl "5400+30"]

1. e4 c6 2. Nf3 d5 3. Nc3 dxe4 4. Nxe4 Nf6 5. Qe2 Nxe4 6. Qxe4 Nd7 7. Bc4 Nf6 8. Ne5 e6 9. Qe2 Bd6 10. d4 O-O 11. O-O Qc7 12. Bf4 b6 13. c3 Bb7 14. Bg3 g6 15. Qe3 Nh5 16. Bh4 Be7 17. Bxe7 Qxe7 18. Qh6 Rfd8 19. Rfe1 Qf8 20. Qe3 Qe7 21. Nxf7 Kxf7 22. Bxe6+ Kg7 23. g4 Nf6 24. g5 Nd7 25. Qf4 Qf8 26. Qc7 Bc8 27. Re4 Qe7 28. Bxd7 Qxd7 29. Re7+ 1-0

[Event "Catalan Youth Championship 2024"]
[Site "Cambrils"]
[Date "2024.03.23"]
[Round "1.11"]
[White "Guzman Lopez, Leonardo"]
[Black "Prada Villagrasa, Pau Manel"]
[Result "0-1"]
[ECO "C11"]
[WhiteElo "1599"]
[BlackElo "2103"]
[Annotator "RC"]
[PlyCount "68"]
[EventDate "2024.03.13"]
[EventType "swiss"]
[EventCountry "ESP"]
[SourceTitle "playchess.com"]
[Source "ChessBase"]
[SourceQuality "1"]
[TimeControl "5400+30"]

1. e4 e6 2. d4 d5 3. Nc3 Nf6 4. e5 Nfd7 5. Nce2 c5 6. c3 Nc6 7. Nf3 Be7 8. Nf4 Qb6 9. h4 cxd4 10. cxd4 Bb4+ 11. Bd2 Nxd4 12. Bxb4 Nxf3+ 13. Qxf3 Qxb4+ 14. Qc3 Qxf4 15. Bb5 Qe4+ 16. Kf1 O-O 17. h5 Qxe5 18. Qd2 a6 19. Bd3 Nc5 20. Bc2 Bd7 21. Re1 Bb5+ 22. Kg1 Qf6 23. Qe3 d4 24. Qa3 d3 25. Qxc5 Rac8 26. Qe3 dxc2 27. Rc1 Rfd8 28. Kh2 Qh4+ 29. Qh3 Qxf2 30. Qg3 Qxg3+ 31. Kxg3 Rd2 32. Kf4 Be2 33. Ke3 Rcd8 34. Rhe1 Bxh5 0-1

[Event "Catalan Youth Championship 2024"]
[Site "Cambrils"]
[Date "2024.03.23"]
[Round "1.12"]
[White "Herman Gamazo, Isaac"]
[Black "Pop, David"]
[Result "1-0"]
[ECO "B32"]
[WhiteElo "2096"]
[BlackElo "1596"]
[Annotator "NA RC"]
[PlyCount "89"]
[EventDate "2024.03.13"]
[EventType "swiss"]
[EventCountry "ESP"]
[SourceTitle "playchess.com"]
[Source "ChessBase"]
[SourceQuality "1"]
[TimeControl "5400+30"]

1. e4 c5 2. Nf3 Nc6 3. d4 cxd4 4. Nxd4 e5 5. Nb5 a6 6. Nd6+ Bxd6 7. Qxd6 Qf6 8. Qxf6 Nxf6 9. Nc3 d6 10. Be3 Be6 11. O-O-O Rd8 12. f3 h6 13. h4 d5 14. exd5 Nxd5 15. Nxd5 Rxd5 16. Rxd5 Bxd5 17. c4 Be6 18. Kc2 O-O 19. a3 f5 20. b4 Rd8 21. Bd3 f4 22. Bf2 Nd4+ 23. Kc3 b5 24. c5 Kf7 25. h5 Bf5 26. Bxd4 exd4+ 27. Kd2 Bxd3 28. Kxd3 Kf6 29. Re1 Kf5 30. Re4 Rd5 31. Rxd4 Ke5 32. Rxd5+ Kxd5 33. Ke2 a5 34. Kf2 axb4 35. axb4 Ke6 36. g3 fxg3+ 37. Kxg3 Kd5 38. Kf4 Ke6 39. Ke4 Kd7 40. Kd5 Kc7 41. c6 Kd8 42. Kd6 Kc8 43. c7 g5 44. hxg6 Kb7 45. g7 1-0

[Event "Catalan Youth Championship 2024"]
[Site "Cambrils"]
[Date "2024.03.23"]
[Round "1.13"]
[White "Vardanyan Asilbekyan, Ani"]
[Black "Salinas Tomas, Daniel"]
[Result "0-1"]
[ECO "B07"]
[WhiteElo "1789"]
[BlackElo "2386"]
[Annotator "RC"]
[PlyCount "140"]
[EventDate "2024.03.13"]
[EventType "swiss"]
[EventCountry "ESP"]
[SourceTitle "playchess.com"]
[Source "ChessBase"]
[SourceQuality "1"]
[TimeControl "5400+30"]

1. e4 d6 2. d4 Nf6 3. Nc3 e5 4. dxe5 dxe5 5. Qxd8+ Kxd8 6. Bc4 Ke8 7. Nf3 Bd6 8. O-O c6 9. Rd1 Bc7 10. a4 Nbd7 11. h3 h6 12. Be3 Ba5 13. Bd3 Ke7 14. Nd2 Rd8 15. Nc4 Bxc3 16. bxc3 b6 17. f4 exf4 18. Bxf4 Nc5 19. Ne5 Bb7 20. a5 Rac8 21. axb6 axb6 22. Ra7 Nfd7 23. Nc4 Ra8 24. Rda1 Rxa7 25. Rxa7 Ra8 26. Rxa8 Bxa8 27. Bd6+ Ke6 28. Bxc5 bxc5 29. Kf2 Ne5 30. Nxe5 Kxe5 31. Ke3 Bb7 32. Bc4 f6 33. Bf7 c4 34. Bg6 c5 35. g3 Bc8 36. g4 Bb7 37. Kf3 Bc6 38. Bf7 Bxe4+ 39. Ke3 Bd5 40. Bg6 Be6 41. Kf3 f5 42. Kg3 f4+ 43. Kf2 Bd5 44. Bh7 g5 45. Bg6 Be4 46. Bf7 Bd5 47. Bg6 Kd6 48. Bf5 Be6 49. Be4 Ke5 50. Bg6 Kf6 51. Be4 Bf7 52. Kf3 Bg6 53. Bd5 Bxc2 54. Bxc4 Ke5 55. Bf7 Be4+ 56. Kf2 Bd5 57. Bg6 Kd6 58. Ke2 Bg2 59. Bd3 Kc7 60. Kf2 Bd5 61. Be2 Kb6 62. Bf1 Ka5 63. Ke1 Ka4 64. Kd1 Kb3 65. Kd2 Bf3 66. Kd3 Bd5 67. Kd2 Be4 68. c4 Kb4 69. Kc1 Kc3 70. Be2 f3 0-1

[Event "Catalan Youth Championship 2024"]
[Site "Cambrils"]
[Date "2024.03.23"]
[Round "1.14"]
[White "Montes Molina, Ivan"]
[Black "Gomez Paredes, Isaac"]
[Result "1-0"]
[ECO "C41"]
[WhiteElo "2100"]
[BlackElo "1787"]
[Annotator "RC"]
[PlyCount "73"]
[EventDate "2024.03.13"]
[EventType "swiss"]
[EventCountry "ESP"]
[SourceTitle "playchess.com"]
[Source "ChessBase"]
[SourceQuality "1"]
[TimeControl "5400+30"]

1. e4 d6 2. d4 Nf6 3. Nc3 e5 4. Nf3 Nbd7 5. Bc4 Be7 6. O-O c6 7. Bb3 Qc7 8. a4 O-O 9. Qe2 b6 10. Rd1 a6 11. Be3 Rb8 12. d5 cxd5 13. exd5 Nc5 14. Bxc5 bxc5 15. h3 Bb7 16. Nd2 Rfc8 17. Nc4 Qd8 18. a5 Rc7 19. Nb6 Nd7 20. Nca4 Bc8 21. Bc4 Ra7 22. Ra3 Bf6 23. Rb3 Be7 24. Rdd3 Bf8 25. Rg3 f5 26. Nxc8 Rxc8 27. Nb6 Rb8 28. Nxd7 Rxb3 29. Rxb3 Rxd7 30. Rb6 Ra7 31. Bxa6 Qa8 32. Qb5 Qxd5 33. Qc4 Qxc4 34. Bxc4+ Kh8 35. Rb8 g6 36. Rxf8+ Kg7 37. Rf7+ 1-0

[Event "Catalan Youth Championship 2024"]
[Site "Cambrils"]
[Date "2024.03.23"]
[Round "1.15"]
[White "Toquero Gracia, Laura"]
[Black "Aleksanyan Israilyan, Nicolas"]
[Result "0-1"]
[ECO "A46"]
[WhiteElo "1776"]
[BlackElo "2045"]
[Annotator "NA RC"]
[PlyCount "74"]
[EventDate "2024.03.13"]
[EventType "swiss"]
[EventCountry "ESP"]
[SourceTitle "playchess.com"]
[Source "ChessBase"]
[SourceQuality "1"]
[TimeControl "5400+30"]

1. d4 d5 2. Nf3 Nf6 3. g3 b5 4. Bg2 e6 5. a4 b4 6. a5 Ba6 7. Ne5 Bd6 8. Nd3 Nbd7 9. c3 bxc3 10. bxc3 Rb8 11. Ba3 Bxa3 12. Nxa3 Bxd3 13. Qxd3 c5 14. Nc2 c4 15. Qd2 Rb5 16. a6 O-O 17. Nb4 Qb6 18. O-O Nb8 19. Qa2 Nc6 20. Nxc6 Qxc6 21. Rfb1 Rfb8 22. Rxb5 Qxb5 23. Qa5 Qxa5 24. Rxa5 Rb1+ 25. Bf1 Ne4 26. f3 Nd2 27. Rc5 Rxf1+ 28. Kg2 g6 29. Rc7 Ra1 30. Rxa7 Nb1 31. Rb7 Nxc3 32. a7 Kg7 33. Kf2 Ra2 34. Kf1 Nd1 35. Ke1 Ne3 36. Kf2 Nf5 37. Rb2 Rxa7 0-1

[Event "Catalan Youth Championship 2024"]
[Site "Cambrils"]
[Date "2024.03.23"]
[Round "1.16"]
[White "Clotet Mas, Dan"]
[Black "Bosch Garcia, Ivan"]
[Result "1-0"]
[ECO "B10"]
[WhiteElo "2028"]
[BlackElo "1776"]
[Annotator "RC"]
[PlyCount "77"]
[EventDate "2024.03.13"]
[EventType "swiss"]
[EventCountry "ESP"]
[SourceTitle "playchess.com"]
[Source "ChessBase"]
[SourceQuality "1"]
[TimeControl "5400+30"]

1. e4 c6 2. Nf3 d5 3. d3 Bg4 4. h3 Bxf3 5. Qxf3 e6 6. g3 Nd7 7. Bg2 Ngf6 8. O-O Bd6 9. exd5 cxd5 10. c4 O-O 11. Nc3 Ne5 12. Qe2 dxc4 13. dxc4 Qc7 14. b3 a6 15. Rd1 Nc6 16. Be3 Be5 17. Rac1 Rad8 18. Ne4 Nxe4 19. Bxe4 Bd4 20. Bf4 e5 21. Bd2 Rfe8 22. Bd5 h6 23. Qf3 Rd6 24. Rf1 Rg6 25. g4 Rf6 26. Qe4 Qb6 27. Be3 Rd8 28. Kg2 g5 29. Rcd1 Rfd6 30. Bxd4 exd4 31. Qf5 Qc7 32. f4 gxf4 33. Rxf4 Rf8 34. Rdf1 Ne7 35. Bxf7+ Kg7 36. Qe5+ Kh7 37. Bg8+ Rxg8 38. Rf7+ Kg6 39. Qh5# 1-0

[Event "Catalan Youth Championship 2024"]
[Site "Cambrils"]
[Date "2024.03.23"]
[Round "1.17"]
[White "Camprubi Juanola, Jordi"]
[Black "Valle Luis, Leo"]
[Result "1/2-1/2"]
[ECO "E10"]
[WhiteElo "1880"]
[BlackElo "2230"]
[Annotator "RC"]
[PlyCount "155"]
[EventDate "2024.03.13"]
[EventType "swiss"]
[EventCountry "ESP"]
[SourceTitle "playchess.com"]
[Source "ChessBase"]
[SourceQuality "1"]
[TimeControl "5400+30"]

1. d4 Nf6 2. Nf3 e6 3. c4 c5 4. Nc3 a6 5. d5 d6 6. e4 e5 7. a4 Be7 8. a5 Nbd7 9. Bd3 h6 10. Qa4 Rb8 11. b4 cxb4 12. Na2 b3 13. Nb4 O-O 14. Qxb3 Nc5 15. Qc2 Bg4 16. Ng1 Qc7 17. Be3 Rbc8 18. f3 Nxd3+ 19. Nxd3 Bh5 20. Nb2 Bg6 21. Qb3 Nd7 22. Ne2 Nc5 23. Qb4 f5 24. exf5 Bxf5 25. O-O Nd3 26. Nxd3 Bxd3 27. Rfe1 Qxc4 28. Qxb7 Bh4 29. Rec1 Qb5 30. Qxb5 Bxb5 31. Nc3 Bc4 32. Na4 Bb5 33. Nb6 Rxc1+ 34. Rxc1 Kh7 35. Nc8 Rd8 36. Bb6 Rd7 37. Bc7 Bg5 38. Rc3 Bd2 39. Rc2 Be3+ 40. Kh1 Ba4 41. Nb6 Bxc2 42. Nxd7 Bb3 43. Bxd6 Bxd5 44. Bxe5 Kg6 45. h3 Kf7 46. Bc3 h5 47. Bb4 g5 48. Nc5 Bc4 49. Ne4 Kg6 50. Bd2 Bf4 51. Bxf4 gxf4 52. g3 fxg3 53. Nxg3 h4 54. Ne4 Bf1 55. Kh2 Bd3 56. Kg2 Kf5 57. Nc5 Bc4 58. Kf2 Kf4 59. Nd7 Bd3 60. Nc5 Bb5 61. Ne6+ Ke5 62. Ng5 Kf5 63. Nh7 Kg6 64. Nf8+ Kf6 65. Ke3 Bf1 66. Nd7+ Kg5 67. Nc5 Bxh3 68. Nxa6 Bf1 69. Nc5 h3 70. Ne4+ Kh4 71. Kf2 Bc4 72. Nd2 Ba6 73. Nf1 Bb7 74. Nh2 Ba6 75. Nf1 Kg5 76. Kg3 Bxf1 77. a6 Bxa6 78. Kxh3 1/2-1/2

[Event "Catalan Youth Championship 2024"]
[Site "Cambrils"]
[Date "2024.03.23"]
[Round "1.18"]
[White "Ano Pla, Gerard"]
[Black "Moran Cabezas, Eric"]
[Result "1-0"]
[ECO "A23"]
[WhiteElo "2230"]
[BlackElo "1876"]
[Annotator "RC"]
[PlyCount "51"]
[EventDate "2024.03.13"]
[EventType "swiss"]
[EventCountry "ESP"]
[SourceTitle "playchess.com"]
[Source "ChessBase"]
[SourceQuality "1"]
[TimeControl "5400+30"]

1. c4 e5 2. Nc3 Nf6 3. g3 Bb4 4. Bg2 c6 5. Nf3 e4 6. Nd4 Bxc3 7. dxc3 d5 8. cxd5 cxd5 9. Qb3 Nc6 10. Bg5 Nxd4 11. cxd4 Qa5+ 12. Bd2 Qd8 13. Bb4 Bd7 14. Rc1 Qb6 15. Qc3 Bc6 16. O-O Nd7 17. f3 a5 18. Ba3 f6 19. fxe4 dxe4 20. e3 Bd5 21. Bh3 Rd8 22. Qc7 Qxc7 23. Rxc7 Rg8 24. Rfc1 Bc6 25. Be6 Rh8 26. d5 1-0

[Event "Catalan Youth Championship 2024"]
[Site "Cambrils"]
[Date "2024.03.23"]
[Round "1.19"]
[White "Casares Bonals, Asier"]
[Black "Sanchez Aguilar, Arnau"]
[Result "0-1"]
[ECO "D04"]
[WhiteElo "1872"]
[BlackElo "2168"]
[Annotator "RC"]
[PlyCount "70"]
[EventDate "2024.03.13"]
[EventType "swiss"]
[EventCountry "ESP"]
[SourceTitle "playchess.com"]
[Source "ChessBase"]
[SourceQuality "1"]
[TimeControl "5400+30"]

1. d4 Nf6 2. Nf3 d5 3. e3 Bf5 4. Nbd2 e6 5. Be2 h6 6. O-O Bd6 7. b3 Nbd7 8. Bb2 O-O 9. Ne5 Ne4 10. f3 Nxd2 11. Qxd2 Nxe5 12. dxe5 Bc5 13. Bd4 Be7 14. Rad1 c5 15. Bb2 Qc7 16. Kh1 Rfd8 17. f4 Rac8 18. Ba3 Qc6 19. Qc1 b5 20. Bf3 Qa6 21. Be2 Qa5 22. Bb2 c4 23. Qb1 cxb3 24. axb3 Bxc2 25. Qa1 Qb6 26. Bd4 Bc5 27. b4 Bxd4 28. Rxd4 Be4 29. Rc1 Rxc1+ 30. Qxc1 Qb7 31. Qd1 Rc8 32. Kg1 Qc6 33. Rd2 Qc3 34. Kf2 Qxb4 35. Qa1 Qxd2 0-1

[Event "Catalan Youth Championship 2024"]
[Site "Cambrils"]
[Date "2024.03.23"]
[Round "1.20"]
[White "Garcia Caro, Juan Alber"]
[Black "Toderas, Darwin Cristian"]
[Result "1-0"]
[ECO "A38"]
[WhiteElo "2128"]
[BlackElo "1860"]
[Annotator "RC"]
[PlyCount "103"]
[EventDate "2024.03.13"]
[EventType "swiss"]
[EventCountry "ESP"]
[SourceTitle "playchess.com"]
[Source "ChessBase"]
[SourceQuality "1"]
[TimeControl "5400+30"]

1. Nf3 c5 2. g3 Nf6 3. Bg2 g6 4. c4 Bg7 5. O-O O-O 6. Nc3 d5 7. cxd5 Nxd5 8. Nxd5 Qxd5 9. d3 Nc6 10. Be3 Qd6 11. Ng5 b6 12. Qa4 Bd7 13. Qh4 h6 14. Ne4 g5 15. Nxd6 gxh4 16. Bxc6 Bxc6 17. Nf5 Rfe8 18. Nxg7 Kxg7 19. gxh4 Rg8 20. f3 Kf6+ 21. Kf2 h5 22. Rac1 Rac8 23. a3 Bd5 24. b4 c4 25. Bg5+ Kg7 26. Bxe7 cxd3 27. exd3 Rxc1 28. Rxc1 b5 29. Rc5 Be6 30. Rg5+ Kh7 31. Rxh5+ Kg6 32. Rg5+ Kh7 33. Rxb5 Bh3 34. Rh5+ Kg6 35. Ra5 Rc8 36. Rxa7 Rc2+ 37. Kg3 Bf1 38. d4 Kf5 39. Ra5+ Ke6 40. Re5+ Kd7 41. Bc5 Rg2+ 42. Kf4 Bc4 43. d5 Rxh2 44. Re7+ Kd8 45. Kg3 Ra2 46. Rxf7 Rxa3 47. Rf4 Be2 48. h5 Ra1 49. h6 Rh1 50. Rh4 Rxh4 51. Kxh4 Bd3 52. Kg5 1-0

[Event "Catalan Youth Championship 2024"]
[Site "Cambrils"]
[Date "2024.03.23"]
[Round "1.21"]
[White "Martin Barcelo, Carles"]
[Black "Gabanach Fernandez, Victor"]
[Result "1/2-1/2"]
[ECO "B31"]
[WhiteElo "2234"]
[BlackElo "1848"]
[Annotator "RC"]
[PlyCount "55"]
[EventDate "2024.03.13"]
[EventType "swiss"]
[EventCountry "ESP"]
[SourceTitle "playchess.com"]
[Source "ChessBase"]
[SourceQuality "1"]
[TimeControl "5400+30"]

1. e4 c5 2. Nf3 Nc6 3. Bb5 g6 4. O-O Bg7 5. Re1 e5 6. Bxc6 dxc6 7. d3 Qc7 8. a4 Nf6 9. a5 O-O 10. h3 h6 11. Be3 c4 12. d4 exd4 13. Bxd4 Re8 14. Nbd2 c5 15. Bxf6 Bxf6 16. e5 Bxe5 17. Nxc4 Rd8 18. Qe2 Bf6 19. c3 Bd7 20. Qe3 Kg7 21. Nce5 Re8 22. Qf4 Rac8 23. Qh2 Bc6 24. Nxc6 Qxc6 25. a6 Rxe1+ 26. Nxe1 bxa6 27. Qf4 Qb5 28. Nf3 1/2-1/2

[Event "Catalan Youth Championship 2024"]
[Site "Cambrils"]
[Date "2024.03.23"]
[Round "1.22"]
[White "Escudero Ribo, Alexia"]
[Black "Rocamora Martorell, Ferran"]
[Result "0-1"]
[ECO "C43"]
[WhiteElo "1835"]
[BlackElo "2118"]
[Annotator "RC"]
[PlyCount "40"]
[EventDate "2024.03.13"]
[EventType "swiss"]
[EventCountry "ESP"]
[SourceTitle "playchess.com"]
[Source "ChessBase"]
[SourceQuality "1"]
[TimeControl "5400+30"]

1. e4 e5 2. Nf3 Nf6 3. d4 Nxe4 4. Bd3 d5 5. Nxe5 Nd7 6. Nxd7 Bxd7 7. O-O Bd6 8. Nc3 Nxc3 9. bxc3 O-O 10. Qh5 f5 11. Re1 Qf6 12. Bg5 Qf7 13. Qh4 h6 14. Bd2 f4 15. f3 b6 16. Re2 Rae8 17. Rae1 Rxe2 18. Bxe2 c5 19. dxc5 Be7 20. Qxf4 Bxc5+ 0-1

[Event "Catalan Youth Championship 2024"]
[Site "Cambrils"]
[Date "2024.03.23"]
[Round "1.23"]
[White "Serrano Batova, Vicent"]
[Black "Niubo Garcia, Adai"]
[Result "1-0"]
[ECO "A47"]
[WhiteElo "2104"]
[BlackElo "1823"]
[Annotator "RC"]
[PlyCount "55"]
[EventDate "2024.03.13"]
[EventType "swiss"]
[EventCountry "ESP"]
[SourceTitle "playchess.com"]
[Source "ChessBase"]
[SourceQuality "1"]
[TimeControl "5400+30"]

1. d4 Nf6 2. Nf3 b6 3. e3 Bb7 4. Bd3 e6 5. Nbd2 c5 6. O-O cxd4 7. exd4 Be7 8. c3 O-O 9. Qe2 d6 10. a4 Nbd7 11. Re1 Rc8 12. a5 Nd5 13. Nc4 b5 14. a6 Ba8 15. Na5 b4 16. c4 N5f6 17. Bd2 Qb6 18. Nb3 Rfe8 19. Ra4 e5 20. d5 e4 21. Bxe4 Nxe4 22. Qxe4 Nf6 23. Qd3 Ng4 24. Nbd4 Bf6 25. b3 Rxe1+ 26. Bxe1 Re8 27. Bd2 Re5 28. h3 1-0

[Event "Catalan Youth Championship 2024"]
[Site "Cambrils"]
[Date "2024.03.23"]
[Round "1.24"]
[White "Ibarz Guasch, Maria"]
[Black "Gomez Navais, Marcal"]
[Result "0-1"]
[ECO "B26"]
[WhiteElo "1770"]
[BlackElo "2086"]
[Annotator "NA RC"]
[PlyCount "62"]
[EventDate "2024.03.13"]
[EventType "swiss"]
[EventCountry "ESP"]
[SourceTitle "playchess.com"]
[Source "ChessBase"]
[SourceQuality "1"]
[TimeControl "5400+30"]

1. e4 c5 2. Nc3 Nc6 3. g3 g6 4. Bg2 Bg7 5. d3 d6 6. Be3 Rb8 7. Qd2 b5 8. Nge2 b4 9. Nd1 Nd4 10. h3 h5 11. O-O e6 12. f4 Ne7 13. c3 Nxe2+ 14. Qxe2 bxc3 15. bxc3 Ba6 16. Qc2 O-O 17. Nf2 Qa5 18. Bd2 Rb7 19. Rab1 Rfb8 20. Rxb7 Rxb7 21. c4 Qa3 22. Nd1 Rb8 23. Bc1 Qb4 24. Rf2 Bd4 25. Be3 Qe1+ 26. Rf1 Bxe3+ 27. Kh2 Qd2 28. Qa4 Bb7 29. Qxa7 Nc6 30. Qa4 Bd4 31. e5 Nb4 0-1

[Event "Catalan Youth Championship 2024"]
[Site "Cambrils"]
[Date "2024.03.24"]
[Round "2.5"]
[White "Puignero Garcia, Anton"]
[Black "Tallada Serret, Gerard"]
[Result "0-1"]
[ECO "B32"]
[WhiteElo "1544"]
[BlackElo "2085"]
[Annotator "NA RC"]
[PlyCount "112"]
[EventDate "2024.03.13"]
[EventType "swiss"]
[EventCountry "ESP"]
[SourceTitle "playchess.com"]
[Source "ChessBase"]
[SourceQuality "1"]
[TimeControl "5400+30"]

1. e4 c5 2. Nf3 Nc6 3. d4 cxd4 4. Nxd4 e5 5. Nb5 d6 6. Bc4 a6 7. N5c3 Be7 8. Nd2 Nf6 9. h3 Be6 10. Bd5 Nb4 11. Nf1 Nc6 12. Ng3 Rc8 13. a3 Qb6 14. Rb1 O-O 15. O-O Qc7 16. Be3 b5 17. f4 Rfd8 18. Qd2 Na5 19. Qf2 Nc4 20. f5 Bxd5 21. Nxd5 Nxd5 22. exd5 Nxe3 23. Qxe3 Qc5 24. Qxc5 Rxc5 25. c3 Rxd5 26. Rbd1 Rxd1 27. Rxd1 d5 28. Re1 Bc5+ 29. Kh2 f6 30. Rd1 Kf7 31. Ne4 Bb6 32. Nf2 Bxf2 33. g4 Bb6 34. Kg2 d4 35. Kf3 dxc3 36. Rxd8 Bxd8 37. bxc3 Ba5 38. Ke4 Bxc3 39. Kd3 Bb2 40. Kc2 Bxa3 41. Kb3 Bc5 42. h4 a5 43. g5 fxg5 44. hxg5 a4+ 45. Ka2 e4 46. g6+ hxg6 47. fxg6+ Kxg6 48. Kb2 a3+ 49. Kc2 e3 50. Kd3 a2 51. Ke4 a1=Q 52. Kd5 Qd4+ 53. Kc6 e2 54. Kc7 e1=Q 55. Kc6 Qe6+ 56. Kxb5 Qb4# 0-1